 Dungeon Crawl Stone Soup version 0.28-a0-622-gbaef9634d7 (webtiles) character file.

Game seed: 6610640579195314002

2779 pascalblue the Destroyer (level 9, -7/45 HPs)
             Began as a Deep Elf Conjurer on Oct 7, 2021.
             Was a Believer of Sif Muna.
             Mangled by a yak (17 damage)
             ... on level 6 of the Dungeon.
             The game lasted 00:24:38 (6971 turns).

pascalblue the Destroyer (Deep Elf Conjurer)        Turns: 6971, Time: 00:24:39

Health: -7/45      AC:  3    Str:  4    XL:     9   Next: 42%
Magic:  10/24      EV: 12    Int: 27    God:    Sif Muna [**....]
Gold:   339        SH:  0    Dex: 13    Spells: 8/26 levels left

rFire   . . .      SeeInvis .   j - +2 dagger (venom)
rCold   + . .      Faith    .   (no shield)
rNeg    . . .      Spirit   .   a - +0 robe
rPois   +          Reflect  .   l - +0 helmet
rElec   .          Harm     .   (no cloak)
rCorr   .          Rampage  .   (no gloves)
Will    .....                   (no boots)
Stlth   ++........              (no amulet)
HPRegen 0.15/turn               q - ring of poison resistance
MPRegen 0.19/turn               A - ring of protection from cold

@: about to teleport
A: no striking features
a: Renounce Religion, Channel Magic


You were on level 6 of the Dungeon.
You worshipped Sif Muna.
Sif Muna was pleased with you.
You visited 1 branch of the dungeon, and saw 6 of its levels.
You also visited: Ossuary.

You collected 339 gold pieces.

Inventory:

Hand Weapons
 d - a +0 dagger
 j - a +2 dagger of venom (weapon)
Missiles
 s - 14 poisoned darts
Armour
 a - a +0 robe (worn)
 l - a +0 helmet (worn)
Jewellery
 i - a ring of protection from fire
 q - a ring of poison resistance (left hand)
 A - a ring of protection from cold (right hand)
 B - a ring of fire
Wands
 o - a wand of iceblast (9)
 r - a wand of flame (18)
 y - a wand of digging (6)
Scrolls
 b - 3 scrolls of teleportation
 f - 2 scrolls of identify
 h - a scroll of holy word {unknown}
 t - a scroll of blinking {unknown}
 u - 2 scrolls of fog {unknown}
 v - a scroll of magic mapping {unknown}
 w - a scroll of noise {unknown}
 z - a scroll of fear {unknown}
Potions
 c - a potion of magic {unknown}
 e - 4 potions of degeneration
 g - 4 potions of attraction {unknown}
 k - a potion of heal wounds {unknown}
 m - 4 potions of brilliance
 n - 4 potions of mutation {unknown}
 p - 2 potions of curing {unknown}
 x - a potion of ambrosia {unknown}
 C - 2 potions of flight {unknown}


   Skills:
 - Level 2.4 Dodging
 - Level 2.4 Stealth
 + Level 9.3 Spellcasting
 * Level 11.3 Conjurations
 + Level 3.4 Hexes
 + Level 2.8 Translocations
 + Level 2.7 Ice Magic
 + Level 2.8 Invocations


You had 8 spell levels left.
You knew the following spells:

 Your Spells              Type           Power      Damage    Failure   Level
a - Magic Dart            Conj           100%       1d8       1%          1
b - Searing Ray           Conj           100%       2d8       1%          2
c - Fulminant Prism       Conj/Hex       25%        3d14      2%          4
d - Iskenderun's Mystic   Conj/Tloc      50%        2d11      2%          4
e - Ice Form              Ice/Tmut       20%        N/A       26%         4
f - Frozen Ramparts       Ice            54%        1d7       4%          3

Your spell library contained the following spells:

 Spells                   Type           Power      Damage    Failure   Level
 Foxfire                  Conj/Fire      100%       2x1d9     1%          1
 Slow                     Hex            31%        N/A       1%          2
 Conjure Flame            Conj/Fire      43%        6-21      1%          3
 Dazzling Flash           Conj/Hex       100%       N/A       1%          3
 Confusing Touch          Hex            31%        N/A       3%          3
 Flame Wave               Conj/Fire      43%        3d9       4%          4
 Inner Flame              Hex/Fire       21%        N/A       7%          3
 Summon Ice Beast         Ice/Summ       20%        N/A       26%         4
 Silence                  Hex/Air        10%        N/A       54%         5
 Yara's Violent Unravell  Hex/Tmut       10%        3d6       54%         5
 Agony                    Necr           12%        N/A       77%         5


Dungeon Overview and Level Annotations

Branches:
Dungeon (6/15)            Ossuary (visited)
 Temple: D:4-7

Altars:
Cheibriados
Gozag
Hepliaklqana
Nemelex Xobeh
Okawaru
Qazlal
Sif Muna
Xom
Zin

Shops:
D:5 ?


Message History

The yak is almost dead.
The wall freezes the yak!
The wall freezes the yak.
The searing ray hits the yak!
The yak is severely wounded.
The searing ray misses the yak.
The searing ray hits the yak.
You kill the yak!
Sif Muna accepts your kill.
The wall freezes the yak.
The yak gores you.
The wall freezes the yak.
Your Hexes skill increases to level 3!
The searing ray hits the yak!
You kill the yak!
Sif Muna accepts your kill.
The searing ray hits the yak!
The yak is almost dead.
You finish channelling your searing ray.
The wall freezes the yak!
The wall freezes the yak.
You kill the yak!
Sif Muna accepts your kill.
Casting: Searing Ray (safe; 1% risk of failure)
Confirm with . or Enter, or press ? or * to list all spells.
Aiming: Searing Ray (safe; 1% risk of failure)
Press: ? - help, Shift-Dir - straight line, f - yak
Aim: a yak (90% to hit)
The searing ray hits the yak.
The yak is moderately wounded.
The searing ray hits the yak.
The yak is lightly wounded. (Press . to maintain the ray.)
The frozen ramparts melt away.
The searing ray hits the yak.
The yak is lightly wounded.
The yak barely misses you. The yak gores you!
The searing ray hits the yak!
The yak is moderately wounded.
The yak gores you. The yak gores you!
* * * LOW HITPOINT WARNING * * *
The yak completely misses you.
As you read the scroll of teleportation, it crumbles to dust.
You feel strangely unstable. The yak barely misses you. The yak gores you!
You die...

#####.###########.....Y######.##.
.#####.................. ##'##.
....................... #8.8#.
..................$. #...#.
................... #...#.
...............†.. ####...##
................$ #8.......
.....##########Y##### #._....._
.(..........#..Y@...# #8.......
............#.......# #........
............#.......# #........
............#.......# #8_.._.._
............#.......# #.8.8.8.8
............'.......# #########
............#.......#
#####################


You could see 2 yaks.

Vanquished Creatures
  Sigmund (D:5)
  8 yaks
  A black bear (D:5)
  An ice beast (D:6)
  3 ogres
  A centaur (D:6)
  A phantom (D:5)
  3 scorpions
  A jelly (D:6)
  A howler monkey (D:6)
  2 centaur zombies (Ossuary)
  2 human zombies (Ossuary)
  3 hounds
  3 orc priests
  A centaur skeleton (D:5)
  An iguana (D:5)
  2 orc wizards
  Ijyb (D:4)
  Terence (D:2)
  A scorpion zombie (D:5)
  2 mummies (Ossuary)
  4 adders
  A shadow imp (D:5)
  An adder zombie (Ossuary)
  An adder skeleton (D:4)
  A worm (D:2)
  2 dart slugs
  14 orcs
  6 ball pythons
  5 endoplasms
  A giant cockroach (D:1)
  12 goblins
  4 hobgoblins
  5 jackals
  2 quokkas
  4 frilled lizards
  A goblin zombie (Ossuary)
  8 hobgoblin zombies (Ossuary)
  7 kobolds
  13 kobold zombies (Ossuary)
  7 orc zombies (Ossuary)
  A quokka skeleton (D:4)
  A rat (D:1)
  3 rat zombies (Ossuary)
144 creatures vanquished.

Vanquished Creatures (others)
  13 plants (D:6)
  6 withered plants (D:6)
19 creatures vanquished.

Grand Total: 163 creatures vanquished

Notes
Turn   | Place    | Note
-------+----------+-------------------------------------------
     0 | D:1      | pascalblue the Deep Elf Conjurer began the quest for the
                  | Orb.
     0 | D:1      | Reached XP level 1. HP: 10/10 MP: 6/6
   397 | D:1      | Reached XP level 2. HP: 15/15 MP: 6/8
   827 | D:2      | Reached skill level 5 in Conjurations
   902 | D:2      | Found a faded altar of an unknown god.
   982 | D:2      | Noticed Terence
   990 | D:2      | Killed Terence
   991 | D:2      | Reached XP level 3. HP: 10/19 MP: 0/10
  1739 | D:2      | Learned a level 2 spell: Searing Ray
  2199 | D:3      | Reached XP level 4. HP: 24/24 MP: 6/12
  2550 | D:3      | Reached skill level 6 in Conjurations
  2781 | D:3      | Noticed a scorpion
  2785 | D:3      | Killed a scorpion
  2786 | D:3      | Reached skill level 5 in Spellcasting
  2786 | D:3      | Reached XP level 5. HP: 21/28 MP: 7/14
  3236 | D:4      | Noticed an ogre
  3243 | D:4      | Noticed an ogre
  3255 | D:4      | Killed an ogre
  3256 | D:4      | Reached skill level 7 in Conjurations
  3256 | D:4      | Reached XP level 6. HP: 32/32 MP: 9/16
  3478 | D:4      | Found a sparkling altar of Nemelex Xobeh.
  3478 | D:4      | Found a snail-covered altar of Cheibriados.
  3485 | D:4      | Found a faded altar of an unknown god.
  3487 | D:4      | Found a glowing silver altar of Zin.
  3489 | D:4      | Found a shimmering blue altar of Sif Muna.
  3514 | D:4      | Became a worshipper of Sif Muna the Loreminder
  3750 | D:4      | Noticed Ijyb
  3757 | D:4      | Killed Ijyb
  4152 | D:5      | Entered Level 5 of the Dungeon
  4161 | D:5      | Reached skill level 8 in Conjurations
  4161 | D:5      | Reached XP level 7. HP: 29/36 MP: 10/18
  4356 | D:5      | Found Iddaph's Magic Scroll Emporium.
  4747 | D:5      | Found an opulent altar of Gozag.
  4762 | D:5      | Noticed Sigmund
  4769 | D:5      | Killed Sigmund
  4770 | D:5      | Reached skill level 9 in Conjurations
  4834 | D:5      | Noticed a yak
  4835 | D:5      | Noticed a yak
  4848 | D:5      | Killed a yak
  4849 | D:5      | Reached XP level 8. HP: 41/41 MP: 11/21
  4874 | D:5      | Reached skill level 10 in Conjurations
  4998 | D:5      | Learned a level 4 spell: Fulminant Prism
  5003 | D:5      | Learned a level 4 spell: Iskenderun's Mystic Blast
  5008 | D:5      | Learned a level 4 spell: Ice Form
  5012 | D:5      | Learned a level 3 spell: Frozen Ramparts
  5047 | D:5      | Reached * piety under Sif Muna
  5708 | D:6      | Reached skill level 1 in Hexes
  5728 | D:6      | Reached skill level 1 in Translocations
  5728 | D:6      | Reached skill level 1 in Ice Magic
  5728 | D:6      | Reached skill level 1 in Invocations
  5887 | D:6      | Found a hide-covered altar of Uskayaw.
  5889 | D:6      | Found an iron altar of Okawaru.
  5889 | D:6      | Found a hazy altar of Hepliaklqana.
  5891 | D:6      | Found a stormy altar of Qazlal.
  5891 | D:6      | Found a shimmering altar of Xom.
  5891 | D:6      | Found a glowing silver altar of Zin.
  6117 | D:6      | Reached XP level 9. HP: 45/45 MP: 15/23
  6247 | D:6      | Found a hazy altar of Hepliaklqana.
  6274 | D:6      | Found a sand-covered staircase.
  6283 | Ossuary  | Entered an ossuary
  6730 | Ossuary  | Reached ** piety under Sif Muna
  6737 | Ossuary  | Reached skill level 11 in Conjurations
  6971 | D:6      | Mangled by a yak

Illustrated notes

Levels and vault maps discovered:
D:1:      minmay_arrival_plants_in_alcoves, layout_loops_ring
D:2:      layout_basic, basic_ecumenical_altar, chequers_jeans,
          minmay_box_of_dots, uniq_terence
D:3:      layout_loops_corners
D:4:      kennysheep_goblin_castle, layout_loops_ring,
          chequers_temple_overflow_minitemple
D:5:      layout_basic, nicolae_gozag_seed_capital, serial_shops, shop,
          minmay_strange_pillars, roderic_serpentine_path, uniq_sigmund
D:6:      layout_gridville, grunt_temple_overflow_growth_and_decay,
          doesnt_xom_only_xom, nicolae_hepliaklqana_hazy_memory,
          enter_ossuary_1, dk_noncrumbling_3

Skill      XL: |  1  2  3  4  5  6  7  8  9 |
---------------+----------------------------+-----
Conjurations   | 5 6 7 8 9 10 11 | 11.3
Spellcasting   | 4 5 6 7 8 9 |  9.3
Hexes          | 2 3 |  3.4
Translocations | 1 2 |  2.8
Ice Magic      | 1 2 |  2.7
Invocations    | 1 2 |  2.8
Dodging        | |  2.4
Stealth        | |  2.4

Action                   |  1- 3 |  4- 6 |  7- 9 || total
-------------------------+-------+-------+-------++-------
Melee: Dagger            |       |     4 |    14 ||    18
 Cast: Magic Dart        |    61 |    58 |    91 ||   210
       Searing Ray       |       |     9 |    35 ||    44
       Frozen Ramparts   |       |       |     5 ||     5
  Use: Scroll            |       |     3 |     2 ||     5
Armor: Robe              |       |     2 |    23 ||    25
Dodge: Dodged            |     3 |    15 |    45 ||    63

Table legend: (Time is in decaauts)
 A = Elapsed time spent in this place.
 B = Non-inter-level travel time spent in this place.
 C = Inter-level travel time spent in this place.
 D = Time resting spent in this place.
 E = Time spent auto-exploring this place.
 F = Levels seen in this place.
 G = Mean time per level.
                   A        B        C        D        E       F      G
               +--------+--------+--------+--------+--------+-----+--------+
         Total |   6967 |   6874 |     93 |    797 |   4949 |   7 |  995.3 |
       Dungeon |   6356 |   6263 |     93 |    742 |   4615 |   6 | 1059.3 |
       Ossuary |    610 |    610 |      0 |     55 |    334 |   1 |  610.0 |
               +--------+--------+--------+--------+--------+-----+--------+

Top non-repeatable levels by time:
     D:5: 1472 daAuts
     D:4: 1202 daAuts
     D:3: 1177 daAuts
     D:2: 1001 daAuts
     D:1: 767 daAuts
     D:6: 734 daAuts
 Ossuary: 610 daAuts
